 Dungeon Crawl Stone Soup version 0.31-a0-803-g95b03c3367 (webtiles) character file.

Game seed: 10527793136675555978

773 Dirtsage the Chopper (level 7, -2/52 HPs)
             Began as a Demonspawn Fighter on Sept 20, 2023.
             Slain by Grinder (6 damage)
             ... on level 4 of the Dungeon.
             The game lasted 00:05:05 (2057 turns).

Dirtsage the Chopper (Demonspawn Fighter)           Turns: 2057, Time: 00:05:05

Health: -2/52      AC: 10    Str: 18    XL:     7   Next: 53%
Magic:  0/7        EV:  9    Int:  9    God:
Gold:   92         SH:  4    Dex: 13    Spells: 6/6 levels left

rFire   . . .        a - +0 war axe
rCold   . . .        c - +0 buckler
rNeg    + . .        b - +0 scale mail
rPois   .            (no helmet)
rElec   .            (no cloak)
rCorr   .            j - +0 pair of gloves
SInv    .            r - +0 pair of boots
Will    .....        o - amulet of guardian spirit Stlth
                     W - ring of wizardry
HPRegen 0.28/turn    N - ring of positive energy
MPRegen 0.10/turn

%: guardian spirit, wizardry (x1)
@: mighty
A: molten scales 1, powered by pain 1, weakness stinger 2
a: no special abilities


You were on level 4 of the Dungeon.
You visited 1 branch of the dungeon, and saw 4 of its levels.

You collected 92 gold pieces.

Inventory:

Hand Weapons
 a - a +0 war axe (weapon)
Armour
 b - a +0 scale mail (worn)
 c - a +0 buckler (worn)
 i - a +0 plate armour
 j - a +0 pair of gloves (worn)
 r - a +0 pair of boots (worn)
Magical Staves
 u - a staff of fire
Jewellery
 o - an amulet of guardian spirit (around neck)
 N - a ring of positive energy (right hand)
 W - a ring of wizardry (left hand)
Wands
 m - a wand of flame (28)
 q - a wand of polymorph (11)
Scrolls
 h - a scroll of acquirement {unknown}
 k - a scroll of torment {unknown}
 l - a scroll of vulnerability {unknown}
 n - 2 scrolls of summoning {unknown}
 p - a scroll of immolation {unknown}
 s - a scroll of poison {unknown}
 t - 2 scrolls of teleportation {unknown}
Potions
 e - 2 potions of curing {unknown}
 f - a potion of heal wounds {unknown}
 g - a potion of attraction {unknown}


   Skills:
 - Level 3.0 Fighting
 + Level 7.9 Axes
 - Level 2.6 Armour
 - Level 2.6 Shields


You had 6 spell levels left.
You didn't know any spells.
Your spell library contained the following spells:

 Spells                   Type           Power      Damage    Failure   Level
 Magic Dart               Conj           0%         1d3       52%         1
 Poisonous Vapours        Pois/Air       0%         N/A       65%         2
 Searing Ray              Conj           0%         2d4       65%         2
 Call Canine Familiar     Summ           0%         N/A       86%         3
 Mephitic Cloud           Conj/Pois/Air  0%         N/A       86%         3
 Sigil of Binding         Hex            0%         N/A       86%         3
 Dimensional Bullseye     Hex/Tloc       0%         N/A       99%         4
 Fulminant Prism          Conj/Hex       0%         3d5       99%         4
 Leda's Liquefaction      Hex/Erth       0%         N/A       99%         4
 Freezing Cloud           Conj/Ice/Air   0%         6-21      100%        5


Dungeon Overview and Level Annotations

Branches:
Dungeon (4/15)
 Temple: D:4-7

Altars:
Trog

Shops:
D:2 :*   D:4 =

Annotations:
D:4 Grinder


Innate Abilities, Weirdness & Mutations

You are partially covered in molten scales. (AC +2)
You sometimes gain a little power by taking damage.
You have a tail ending in a sharp stinger.


Message History

You closely miss Pikel. You tail-slap Pikel.
Pikel is severely wounded.
Pikel hits you but does no damage. Pikel completely misses you.
You hit Pikel but do no damage.
Your tail-slap misses Pikel.
Pikel is severely wounded.
Pikel hits you but does no damage.
You closely miss Pikel. You tail-slap Pikel.
Pikel is severely wounded.
Pikel hits you with a +1 whip of freezing.
Pikel freezes you.
* * * LOW HITPOINT WARNING * * *
You take 7 damage, and have 13/47 hp.
You now have 1/6 mp.
You slash Pikel!
Your tail-slap misses Pikel.
Pikel is almost dead.
Pikel hits you but does no damage.
You hit Pikel but do no damage.
Pikel is almost dead.
Pikel hits you with a +1 whip of freezing.
* * * LOW HITPOINT WARNING * * *
Pikel freezes you.
* * * LOW HITPOINT WARNING * * *
Grinder says, "You look like you could use a good racking."
Pikel hits you with a +1 whip of freezing!
* * * LOW HITPOINT WARNING * * *
Pikel freezes you.
* * * LOW HITPOINT WARNING * * *
You take 10 damage, and have 3/47 hp.
MASSIVE DAMAGE!!
You now have 0/6 mp.
You slash Pikel!
You kill Pikel!
With Pikel's spell broken, his former minions thank you for their freedom.
The lemure departs this earthly plane. x4
Your Axes skill increases to level 7!
You have reached level 7!
Your demonic ancestry asserts itself...
Your tail grows a sharp stinger.
You slash Grinder!
Your tail-slap misses Grinder.
Grinder is severely wounded.
Grinder hits you.
You die...
Grinder says, "Now the real fun starts!"

#..# #.##.##.# ##.#
..... #.......# ###.#
... ####.#### #...#
... ####.# #.### §§§
#....# #.#
#§#####.##.# #.#
#.#........# #.#
#5#.#......# ####
#.##### #@#.#.#.##.#
...# #..)..#
#...>.....## ##.#
#####.#####.......###
##.##
#...............#
....#
#######.#.#.....#
##..######
##.#.#####.#
.........#
#..........#
###<####.#
#...######.#
###.####.# #...# #


You could see Grinder.

Vanquished Creatures
  Pikel (D:4)
  A phantom (D:4)
  An iguana (D:4)
  Ijyb (D:3)
  Natasha (thrice) (D:2)
  4 adders
  An ufetubus (D:4)
  A worm (D:2)
  2 orcs
  5 ball pythons
  5 endoplasms
  2 giant cockroaches
  7 goblins
  6 hobgoblins
  2 jackals (D:2)
  7 kobolds
  2 quokkas
  7 bats
  3 frilled lizards
  10 rats
71 creatures vanquished.

Notes
Turn   | Place    | Note
-------+----------+-------------------------------------------
     0 | D:1      | Dirtsage the Demonspawn Fighter began the quest for the
                  | Orb.
     0 | D:1      | Reached XP level 1. HP: 18/18 MP: 1/1
    67 | D:1      | Reached skill level 2 in Axes
    88 | D:1      | You fall into a shaft and drop 1 floor!
   116 | D:2      | Gained mutation: You sometimes gain a little power by
                  | taking damage. [demonic ancestry]
   116 | D:2      | Reached XP level 2. HP: 24/24 MP: 2/2
   142 | D:2      | Noticed Natasha
   149 | D:2      | Killed Natasha
   150 | D:2      | Reached skill level 3 in Axes
   150 | D:2      | Gained mutation: You are partially covered in molten
                  | scales. (AC +2) [demonic ancestry]
   150 | D:2      | Reached XP level 3. HP: 9/29 MP: 3/3
   853 | D:2      | Found Sept's General Store.
   856 | D:2      | Reached skill level 4 in Axes
   856 | D:2      | Reached XP level 4. HP: 35/35 MP: 4/4
   876 | D:2      | Noticed Natasha
   878 | D:2      | Found a bloodstained altar of Trog.
   885 | D:2      | Killed Natasha
   972 | D:2      | Noticed Natasha
   998 | D:2      | Killed Natasha
  1118 | D:2      | Found Ujumuisu's Book Emporium.
  1362 | D:3      | Gained mutation: You have a small tail. [demonic ancestry]
  1362 | D:3      | Reached XP level 5. HP: 41/41 MP: 5/5
  1410 | D:3      | Noticed Ijyb
  1421 | D:3      | Killed Ijyb
  1422 | D:3      | Reached skill level 5 in Axes
  1801 | D:4      | Found Xuuf's Jewellery Shoppe.
  1941 | D:4      | Noticed a phantom
  1950 | D:4      | Killed a phantom
  1951 | D:4      | Reached skill level 6 in Axes
  1951 | D:4      | Reached XP level 6. HP: 42/47 MP: 4/6
  2039 | D:4      | Noticed Grinder
  2039 | D:4      | Noticed Pikel
  2056 | D:4      | Killed Pikel
  2057 | D:4      | Reached skill level 7 in Axes
  2057 | D:4      | Gained mutation: You have a tail ending in a sharp stinger.
                  | [demonic ancestry]
  2057 | D:4      | Reached XP level 7. HP: 3/52 MP: 0/7
  2057 | D:4      | Slain by Grinder

Illustrated notes

Levels and vault maps discovered:
D:1:      dpeg_arrival_round_b, layout_basic, minmay_misc_feat_secret_circle
D:2:      layout_rooms, basic_altar, serial_shops, shop, shop, uniq_natasha
D:3:      layout_rooms, uniq_ijyb
D:4:      minmay_clustersquares, layout_loops_cross,
          minmay_temple_entry_statues_fountains, serial_shops,
          nicolae_shop_window_shopping, nicolae_take_the_stairs, uniq_grinder,
          uniq_pikel, uniq_robin

Skill      XL: |  1  2  3  4  5  6 |
---------------+-------------------+-----
Axes           | 2 3 4 6 7 |  7.9
Fighting       | |  3.0
Armour         | |  2.6
Shields        | |  2.6

Action                     |  1- 3 |  4- 6 |  7- 9 || total
---------------------------+-------+-------+-------++-------
  Melee: War axe           |   105 |   110 |     1 ||   216
         Tailslap          |       |     9 |       ||     9
         Unarmed           |       |     5 |       ||     5
    Use: Potion            |       |     1 |       ||     1
   Stab: Confused          |       |     1 |       ||     1
 Armour: Scale mail        |    66 |    91 |     1 ||   158
  Dodge: Dodged            |    50 |    62 |       ||   112
  Block: Buckler           |    19 |    24 |       ||    43

Table legend: (Time is in decaauts)
 A = Elapsed time spent in this place.
 B = Non-inter-level travel time spent in this place.
 C = Inter-level travel time spent in this place.
 D = Time resting spent in this place.
 E = Time spent auto-exploring this place.
 F = Levels seen in this place.
 G = Mean time per level.
                   A        B        C        D        E       F      G
               +--------+--------+--------+--------+--------+-----+--------+
         Total |   2135 |   2066 |     69 |     83 |   1461 |   4 |  533.8 |
       Dungeon |   2135 |   2066 |     69 |     83 |   1461 |   4 |  533.8 |
               +--------+--------+--------+--------+--------+-----+--------+

Top non-repeatable levels by time:
     D:2: 728 daAuts
     D:1: 683 daAuts
     D:3: 446 daAuts
     D:4: 277 daAuts
